 Dungeon Crawl Stone Soup version 0.29-a0-334-gb41bcbb86e (webtiles) character file.

Game seed: 16488158757898462502

597872 Morbidden the Peltast (level 26, -4/208 HPs)
             Began as a Demonspawn Fighter on Apr 14, 2022.
             Was the Champion of Cheibriados.
             Slain by a sun demon (19 damage)
             ... led by a balrug
             ... in Pandemonium.
             The game lasted 02:21:53 (79838 turns).

Morbidden the Peltast (Demonspawn Fighter)         Turns: 79838, Time: 02:21:54

Health: -4/208     AC: 37    Str: 42 (43) XL:     26   Next: 40%
Magic:  29/34      EV: 21    Int: 24 (27) God:    Cheibriados [******]
Gold:   3265       SH: 32    Dex: 31      Spells: 33/57 levels left

rFire   + . .      SeeInvis +   a - +6 broad axe of the Imbibing Gods {drain, rF+ SInv}
rCold   . . .      Faith    .   W - +2 tower shield {AC+3}
rNeg    . . .      Spirit   .   T - +13 plate armour "Dilubiur" {rElec Will- Str+2}
rPois   .          Reflect  +   (helmet unavailable)
rElec   +          Harm     .   R - +2 cloak of Weightlessness {+Blink rElec Str+4}
rCorr   .          Rampage  .   G - +0 pair of fencer's gloves {Riposte Dex+3}
Will    .....      Rage     9%  C - +2 pair of boots {Stlth+}
Stlth   .......... Rnd*Tele +   F - amulet of reflection
HPRegen 0.44/turn               k - +4 ring of slaying
MPRegen 0.24/turn               U - +4 ring of slaying

@: lethally poisoned (-4 -> -8), on berserk cooldown, slowed, studying 2 skills,
very slow
A: horns 3, icemail 2, spiny 3, sharp scales 3, condensation shield, corrupting
presence 2, word of chaos, berserk 3, deformed body, deterioration 1, dopey 1,
low MP 2, sense surroundings 1, screaming 1, teleportitis 1, weak 1, subdued
magic 2
}: 3/15 runes: decaying, glowing, gossamer
a: Word of Chaos, Renounce Religion, Evoke Blink, Bend Time, Temporal
Distortion, Slouch, Step From Time


You were in Pandemonium.
You worshipped Cheibriados.
Cheibriados was exalted by your worship.
You visited 12 branches of the dungeon, and saw 49 of its levels.
You visited Pandemonium 1 time, and saw 3 of its levels.
You also visited: Sewer, Gauntlet, Ice Cave and Volcano.

You collected 6822 gold pieces.
You spent 3557 gold pieces at shops.

Inventory:

Hand Weapons
 a - the +6 broad axe of the Imbibing Gods (weapon) {drain, rF+ SInv}
   (You acquired it on level 5 of the Lair of Beasts)

   A truly terrible weapon, it drains the life of any living foe it strikes.
   rF:        It protects you from fire.
   SInv:      It lets you see invisible.
 b - the +11 broad axe of Lies {vorpal, SInv}
   (You found it on level 3 of the Elven Halls)

   It inflicts extra damage upon your enemies.
   SInv:      It lets you see invisible.
 L - a +4 broad axe
Missiles
 j - 30 javelins (quivered)
 y - 14 silver javelins
 X - 12 throwing nets
 Z - 26 boomerangs
Armour
 f - +0 pearl dragon scales
 o - a +3 plate armour of poison resistance
 C - a +2 pair of boots of stealth (worn)
 G - the +0 pair of fencer's gloves (worn) {Riposte Dex+3}
   (You acquired it on level 3 of the Elven Halls)

   It allows the wearer to riposte with melee weapons, swiftly retaliating
   against missed attacks.
   Dex:       It affects your dexterity (+3).
 K - +4 storm dragon scales {Bai Suzhen}
 O - +0 ice dragon scales
 R - the +2 cloak of Weightlessness (worn) {+Blink rElec Str+4}
   (You found it on level 3 of the Spider Nest)

   Str:       It affects your strength (+4).
   rElec:     It insulates you from electricity.
   +Blink:    It lets you blink.
 T - the +13 plate armour "Dilubiur" (worn) {rElec Will- Str+2}
   (You found it on level 2 of the Depths)

   Str:       It affects your strength (+2).
   rElec:     It insulates you from electricity.
   Will:      It decreases your willpower.
 W - a +2 tower shield of protection (worn)
Jewellery
 e - the ring "Cacramaf" {rElec rC+ Str-2 Int+4}
   (You found it on level 13 of the Dungeon)

   [ring of protection from cold]

   Str:       It affects your strength (-2).
   Int:       It affects your intelligence (+4).
   rC:        It protects you from cold.
   rElec:     It insulates you from electricity.
 k - a +4 ring of slaying (left hand)
 s - the ring "Efruem Gabya" {rPois rF+ rC- rCorr SInv}
   (You took it off a deep elf master archer on level 3 of the Elven Halls)

   [ring of see invisible]

   rF:        It protects you from fire.
   rC:        It makes you vulnerable to cold.
   rPois:     It protects you from poison.
   SInv:      It lets you see invisible.
   rCorr:     It protects you from acid and corrosion.
 F - an amulet of reflection (around neck)
 N - the ring of Othuoleang {EV+4 Str+5 Int-4 Dex+6}
   (You took it off a deep elf master archer on level 3 of the Elven Halls)

   [ring of evasion]

   EV:        It affects your evasion (+4).
   Str:       It affects your strength (+5).
   Int:       It affects your intelligence (-4).
   Dex:       It affects your dexterity (+6).
 U - a +4 ring of slaying (right hand)
Wands
 c - a wand of acid (23)
 x - a wand of mindburst (14)
 D - a wand of flame (38)
 J - a wand of paralysis (19)
 M - a wand of digging (19)
 P - a wand of iceblast (83)
Scrolls
 i - 3 scrolls of blinking
 l - 5 scrolls of brand weapon
 p - 7 scrolls of enchant weapon
 u - 9 scrolls of teleportation
 Q - 4 scrolls of silence
 S - 9 scrolls of enchant armour
 V - 3 scrolls of magic mapping
Potions
 g - 10 potions of brilliance
 h - 11 potions of curing
 m - 10 potions of resistance
 n - 9 potions of cancellation
 q - a potion of mutation
 v - 2 potions of magic
 w - 3 potions of invisibility
 z - 8 potions of ambrosia
 E - 5 potions of heal wounds
 H - 8 potions of might
 I - 8 potions of flight
 Y - 6 potions of berserk rage
Miscellaneous
 d - a lightning rod (4/4)
 r - a condenser vane
 t - a phantom mirror
 A - a box of beasts
 B - a tin of tremorstones (2/2)


   Skills:
 * Level 17.2 Fighting
 - Level 17.3(18.0) Axes
 - Level 8.1(13.7) Maces & Flails
 + Level 4.9 Throwing
 + Level 11.0 Armour
 * Level 13.9 Dodging
 + Level 3.2 Stealth
 * Level 19.0 Shields
 * Level 16.3 Spellcasting
 + Level 11.9 Conjurations
 * Level 11.3 Summonings
 * Level 7.2 Necromancy
 + Level 12.1 Translocations
 * Level 8.1 Transmutations
 - Level 13.0 Invocations
 * Level 13.3 Evocations


You had 33 spell levels left.
You knew the following spells:

 Your Spells              Type           Power      Damage    Failure   Level
a - Manifold Assault      Tloc           48%        N/A       2%          5
c - Monstrous Menagerie   Summ           23%        N/A       87%         7
s - Necromutation         Tmut/Necr      17%        N/A       100%        8
z - Iskenderun's Mystic   Conj/Tloc      48%        2d11      1%          4

Your spell library contained the following spells:

 Spells                   Type           Power      Damage    Failure   Level
 Beastly Appendage        Tmut           72%        N/A       1%          1
 Magic Dart               Conj           100%       1d8       1%          1
 Shock                    Conj/Air       100%       1d9       1%          1
 Summon Small Mammal      Summ           100%       N/A       1%          1
 Blink                    Tloc           96%        N/A       1%          2
 Call Imp                 Summ           46%        N/A       1%          2
 Static Discharge         Conj/Air       30%        N/A       1%          2
 Sublimation of Blood     Necr           33%        N/A       1%          2
 Wereblood                Tmut           36%        N/A       1%          2
 Gell's Gravitas          Tloc           48%        N/A       1%          3
 Lesser Beckoning         Tloc           48%        N/A       1%          3
 Teleport Other           Tloc           48%        N/A       1%          3
 Passage of Golubria      Tloc           48%        N/A       1%          4
 Iskenderun's Battlesphe  Conj           48%        2d10      3%          5
 Passwall                 Tmut/Erth      20%        N/A       4%          2
 Portal Projectile        Hex/Tloc       60%        N/A       4%          3
 Irradiate                Conj/Tmut      21%        3d20      8%          5
 Animate Dead             Necr           16%        N/A       10%         4
 Dispel Undead            Necr           33%        3d14      10%         4
 Mephitic Cloud           Conj/Pois/Air  24%        N/A       11%         3
 Spider Form              Tmut/Pois      24%        N/A       11%         3
 Fulminant Prism          Conj/Hex       15%        3d11      16%         4
 Hailstorm                Conj/Ice       30%        3d8       16%         4
 Sticky Flame             Conj/Fire      30%        2d5       16%         4
 Freeze                   Ice            48%        1d7       19%         1
 Summon Ice Beast         Ice/Summ       29%        N/A       19%         4
 Summon Lightning Spire   Summ/Air       29%        N/A       19%         4
 Blade Hands              Tmut           18%        N/A       19%         5
 Excruciating Wounds      Necr           16%        N/A       28%         5
 Ensorcelled Hibernation  Hex/Ice        24%        N/A       30%         2
 Ice Form                 Ice/Tmut       24%        N/A       36%         4
 Petrify                  Tmut/Erth      24%        N/A       36%         4
 Anguish                  Hex/Necr       11%        N/A       43%         4
 Lightning Bolt           Conj/Air       15%        1d29      45%         5
 Summon Mana Viper        Hex/Summ       29%        N/A       47%         5
 Confusing Touch          Hex            12%        N/A       54%         3
 Frozen Ramparts          Ice            24%        1d4       54%         3
 Swiftness                Air            12%        N/A       54%         3
 Yara's Violent Unravell  Hex/Tmut       12%        3d7       73%         5
 Freezing Cloud           Conj/Ice/Air   12%        6-21      75%         5
 Borgnjor's Vile Clutch   Necr/Erth      11%        N/A       80%         5
 Malign Gateway           Summ/Tloc      23%        N/A       82%         7
 Spellforged Servitor     Conj/Summ      23%        N/A       83%         7
 Death Channel            Necr           16%        N/A       87%         6
 Airstrike                Air            6%         N/A       92%         4
 Cause Fear               Hex            6%         N/A       92%         4
 Iron Shot                Conj/Erth      15%        9d4       96%         6
 Lee's Rapid Deconstruct  Erth           6%         3d7*      100%        5
 Metabolic Englaciation   Hex/Ice        6%         N/A       100%        5
 Silence                  Hex/Air        6%         N/A       100%        5
 Statue Form              Tmut/Erth      16%        N/A       100%        6
 Dragon Form              Tmut           18%        N/A       100%        7
 Enfeeble                 Hex            6%         N/A       100%        7
 Storm Form               Tmut/Air       12%        N/A       100%        7
 Borgnjor's Revivificati  Necr           16%        N/A       100%        8
 Lehudib's Crystal Spear  Conj/Erth      15%        10d5      100%        8
 Maxwell's Capacitive Co  Air            6%         ∞         100%        8
 Chain Lightning          Conj/Air       15%        3d20      100%        9
 Death's Door             Necr           16%        N/A       100%        9
 Dragon's Call            Summ           23%        N/A       100%        9


Dungeon Overview and Level Annotations

Branches:
Dungeon (15/15)            Temple (1/1) D:7            Lair (6/6) D:11
  Swamp (4/4) Lair:4       Spider (4/4) Lair:4        Slime (1/5) Lair:6
    Orc (2/2) D:12            Elf (3/3) Orc:2        Vaults (5/5) D:13
  Crypt (3/3) Vaults:3       Tomb (0/3) Crypt:3      Depths (4/4) D:15
   Hell (visited)             Zot (0/5) Depths:4      Sewer (visited)
  IceCv (visited)         Volcano (visited)         Gauntlet (visited)
    Dis: Hell:1         Geh: Hell:1         Coc: Hell:1         Tar: Hell:1

Altars:
Ashenzari
Cheibriados
Dithmenos
Elyvilon
Fedhas
Gozag
Hepliaklqana
Kikubaaqudgha
Makhleb
Nemelex Xobeh
Okawaru
Qazlal
Ru
Sif Muna
Trog
Uskayaw
Vehumet
Wu Jian
Xom
Yredelemnul
Zin
The Shining One
Beogh
Jiyva

Shops:
D:4 =   D:9 *   Orc:2 **:*   Elf:1 (   Elf:3 ??:   Vaults:2 ?   Vaults:4 *((
Depths:3 *:

Portals:
Hell: Depths:1 Depths:2 Depths:3 Depths:4
Abyss: Swamp:1 Depths:3
Pandemonium: Depths:1 Depths:2 Depths:3
Ziggurat: Depths:1

Annotations:
D:3 3 runed translucent doors, Morbidden's ghost, amateur DsBe
D:4 1 runed translucent door
Lair:5 exclusion: oklob plant
Swamp:1 2 transporters, Turbonekonecno's ghost, adept SpEn
Spider:2 Roxanne
Elf:2 3 runed translucent doors
Hell Geryon


Innate Abilities, Weirdness & Mutations

You have a pair of large horns on your head.
A meltable icy envelope protects you from harm. (AC +0)
You are completely covered in sharp spines.
You are completely covered in razor-sharp scales. (AC +3, Slay +3)
A meltable shield of frost defends you. (SH +0)
Your presence sometimes corrodes or deforms those you injure.
You can speak a Word of Chaos.
You have an uncontrollable temper.
Armour fits poorly on your strangely shaped body.
Your body sometimes deteriorates upon taking damage.
You are dopey. (Int -2)
Your magical capacity is very low. (-20% MP)
You passively map a small area around you.
You occasionally shout uncontrollably at your foes.
You are occasionally teleported next to monsters.
You are weak. (Str -2)
Your spells are easier to cast, but less powerful.


Message History

Something smites you!
* * * LOW HITPOINT WARNING * * *
You block the sun demon's attack. x2
The balrug hits you with a +0 demon whip!
* * * LOW HITPOINT WARNING * * *
You are engulfed in flames!
Your icy defenses dissipate!
You resist.
* * * LOW HITPOINT WARNING * * *
The sun demon barely misses you.
You cut the sun demon into ribbons!!!
You headbutt the sun demon, but do no damage.
The sun demon is severely wounded.
You hit the balrug but do no damage.
You feel very sick. The balrug gestures at you. Something smites you!
* * * LOW HITPOINT WARNING * * *
You block the sun demon's attack. The balrug gestures at you.
The bolt of fire misses you.
You barely miss the balrug. You slice the sun demon!!
You kill the sun demon!
Cheibriados thoroughly appreciates the change of pace.
You feel very sick. The balrug hits you but does no damage.
Unknown command.
You slice the balrug!!
The balrug is moderately wounded.
You feel strangely unstable.
You are yanked towards a nearby monster!
Your surroundings suddenly seem different.
A sun demon comes into view.
You yell at the sun demon!
You feel very sick.
The sun demon shouts!
You feel very sick. You block the sun demon's attack.
The sun demon is struck by your spines. The sun demon hits you!!
You die...

#.... ......
#....######...... *
##........†2......
,
..................
,
.......[..........
.##'######........,
, , ,
#.......#...##'## ,
#.......#...#,,..
,, , #...@...#...#
, . *
,#...3...#...# * ,
#########...# ,, ,
,, ,, , , , , , , ,
, , , , ** , ,,, *
* * , # , , ., , ,


You could see a sun demon.

Vanquished Creatures
  Mnoleg (Pan)
  A dread lich (Vaults:5)
  Mennas (Depths:4)
  Boris (Vaults:5)
  Bai Suzhen (Swamp:4)
  4 golden dragons
  Nikola (Swamp:1)
  3 bone dragons (Depths:1)
  2 doom hounds (Hell)
  Arachne (Spider:3)
  A Brimstone Fiend (Pan)
  3 tentacled monstrosities
  4 liches
  A shard shrike skeleton (Crypt:3)
  Asterion (Depths:1)
  A titan (Vaults:5)
  2 deep elf master archers (Elf:3)
  3 deep elf blademasters
  A pandemonium lord (Pan)
  5 ancient champions
  5 sphinxes
  Agnes (D:14)
  2 Executioners (Pan)
  Donald (Orc:2)
  2 thorn hunters (Swamp:4)
  8 shadow dragons (Vaults:5)
  5 storm dragons
  7 tengu reavers
  4 revenants
  4 fire giants
  A daeva (Pan)
  A fenstrider witch (Swamp:3)
  2 azure jellies (Elf:1)
  7 frost giants
  9 deep elf sorcerers
  21 vault wardens
  4 iron dragons
  A demonspawn warmonger (Pan)
  5 emperor scorpions
  Louise (D:14)
  A balrug (Pan)
  2 juggernaut zombies (Crypt:3)
  A draconian scorcher (Depths:4)
  29 cacodemons (Pan)
  3 orc warlords
  4 spectral caustic shrikes (Depths:2)
  A draconian stormcaller (Depths:4)
  6 ghost moths
  Aizul (Spider:3)
  3 deep elf elementalists (Elf:3)
  37 very ugly things
  A demonspawn corrupter (Pan)
  2 curse skulls (Crypt:3)
  5 war gargoyles
  5 reapers
  A spriggan defender (Depths:3)
  A ghoul (Crypt:3)
  21 ironbound preservers
  11 ironbound thunderhulks
  15 stone giants
  A broodmother (Spider:3)
  5 eleionomae
  8 vampire knights
  4 deep elf demonologists
  23 lorocyprocas (Pan)
  A green draconian (Depths:4)
  9 dire elephants
  An eleionoma (shapeshifter) (Vaults:5)
  2 deep elf annihilators (Elf:3)
  2 purple draconians (Depths:4)
  13 entropy weavers
  3 red draconians (Depths:4)
  2 bunyips (Swamp:4)
  2 black draconians (Depths:4)
  A minotaur (Gauntlet)
  4 spark wasps
  5 eidola
  5 deep elf death magi
  4 blizzard demons
  A crystal guardian (Vaults:3)
  17 yaktaur captains
  Snorg (D:13)
  3 green deaths (Pan)
  13 jiangshi
  8 deep elf high priests
  9 ettins
  3 great orbs of eyes
  A fire dragon (shapeshifter) (Vaults:5)
  9 fire dragons
  6 ice dragons
  Josephine (D:15)
  3 shambling mangroves
  37 vault guards
  2 fenstrider witch zombies (Crypt:1)
  6 ironbound frosthearts
  A spriggan zombie (Crypt:3)
  A caustic shrike simulacrum (Crypt:3)
  8 boulder beetles
  2 catoblepae (Lair:6)
  21 hydras
  5 spriggan air magi
  3 ogre magi
  4 peacekeepers
  5 ghost crabs
  A jorogumo (Spider:3)
  22 centaur warriors
  A radroach (Spider:3)
  A hell beast (Depths:1)
  2 death knights
  A fenstrider witch skeleton (Crypt:3)
  4 alligators
  14 dancing weapons
  12 two-headed ogres
  10 tengu warriors
  7 deep troll earth magi
  8 deep troll shamans
  An orc high priest (Elf:3)
  A hell hog (Depths:1)
  9 vampire magi
  21 soul eaters
  4 spriggan berserkers
  16 spriggans
  A titan zombie (Hell)
  An emperor scorpion zombie (Crypt:1)
  10 death yaks
  9 hell knights
  26 sun demons
  A fire crab (Gauntlet)
  A shock serpent (shapeshifter) (Vaults:2)
  12 deep elf knights
  2 titan skeletons
  Amaemon (D:9)
  26 skeletal warriors
  2 storm dragon zombies
  A salamander mystic (Volcano)
  A goliath frog (shapeshifter) (Vaults:5)
  3 pharaoh ants
  25 shadow wraiths (Crypt:3)
  An anaconda zombie (Hell)
  A golden dragon zombie (Crypt:2)
  5 goliath frogs
  31 sixfirhies (Pan)
  5 iron trolls
  8 swamp dragons
  4 flayed ghosts
  6 steelbarb worms
  4 spriggan druids
  A steelbarb worm (shapeshifter) (Vaults:5)
  13 orb spiders
  2 shadow demons (Pan)
  43 deep trolls
  24 phantasmal warriors
  11 deep elf archers
  A golden dragon skeleton (Depths:2)
  10 wizards
  2 glowing orange brains
  An anaconda skeleton (Hell)
  19 ironbound convokers
  3 lindwurms
  An obsidian statue (Gauntlet)
  8 bog bodies
  An iron giant skeleton (Crypt:3)
  9 necromancers
  14 orc knights
  24 deep elf pyromancers
  A harpy (shapeshifter) (Vaults:5)
  20 deep elf zephyrmancers
  66 ugly things
  21 wolf spiders
  A goliath frog zombie (Crypt:1)
  A manticore (D:14)
  4 shining eyes (Pan)
  5 salamanders (Volcano)
  A shadow dragon skeleton (Depths:2)
  4 orc sorcerers
  3 will-o-the-wisps
  An iron dragon skeleton (Crypt:1)
  8 cyclopes
  A worldbinder (Gauntlet)
  Maurice (D:12)
  A fire giant skeleton (Depths:2)
  An elephant (shapeshifter) (Depths:4)
  3 moths of wrath
  A stone giant skeleton (Crypt:2)
  2 dire elephant zombies (Crypt:2)
  4 black mambas
  A centaur zombie (Crypt:3)
  18 vault sentinels
  2 ice statues (Elf:1)
  3 torpor snails
  A naga zombie (Crypt:1)
  47 smoke demons (Pan)
  2 eyes of devastation (Pan)
  21 elephants
  23 orange demons
  13 cane toads
  A yaktaur zombie (Vaults:3)
  Maggie (Lair:1)
  A hellion (Pan)
  41 demonic crawlers
  12 komodo dragons
  3 kobold demonologists
  21 yaktaurs
  A swamp worm zombie (Crypt:2)
  2 unseen horrors (D:12)
  5 rime drakes
  11 freezing wraiths
  A dire elephant skeleton (Crypt:1)
  A sea snake skeleton (Hell)
  4 tengu conjurers
  A harpy zombie (Crypt:2)
  4 red devils
  14 tormentors (Pan)
  A komodo dragon (shapeshifter) (D:14)
  2 hellwings
  2 meliai (shapeshifter)
  A spectral harpy (Crypt:3)
  7 trolls
  A yaktaur skeleton (Vaults:3)
  3 polar bears
  11 tyrant leeches
  A hydra zombie (Hell)
  A polar bear (shapeshifter) (Elf:3)
  22 tarantellas
  32 hornets
  33 slime creatures
  A harpy skeleton (Crypt:2)
  14 blink frogs
  A hydra skeleton (Crypt:2)
  A snapping turtle (shapeshifter) (Vaults:5)
  4 dream sheep (Lair:6)
  A guardian serpent zombie (Crypt:3)
  An ettin skeleton (Crypt:3)
  A centaur simulacrum (Crypt:2)
  9 flying skulls (Crypt:3)
  12 culicivoras
  A satyr skeleton (Crypt:3)
  6 shadows
  4 wyverns
  A ynoxinul (Pan)
  A jumping spider (shapeshifter) (Elf:2)
  5 air elementals
  17 jumping spiders
  4 vampires
  7 water elementals
  Eustachio (D:7)
  4 fire bats (Gauntlet)
  A spriggan (shapeshifter) (Vaults:5)
  20 wraiths
  A dire elephant simulacrum (IceCv)
  2 basilisks
  77 redbacks
  A hog (shapeshifter) (Depths:2)
  33 yaks
  3 fire elementals
  7 golden eyes (Pan)
  12 vampire mosquitoes
  A death yak simulacrum (IceCv)
  22 chaos spawn (Pan)
  22 neqoxecs (Pan)
  A sea snake simulacrum (Hell)
  14 large abominations (Pan)
  A human simulacrum (Vaults:3)
  A warg (Orc:2)
  Menkaure (D:6)
  The ghost of Olga the Sneak, an amateur KoDe of Okawaru (D:4)
  9 swamp worms
  12 water moccasins
  An acid dragon (D:8)
  A floating eye (Depths:3)
  42 orc warriors
  13 swamp drakes
  A black bear (shapeshifter) (Elf:1)
  A naga skeleton (Crypt:3)
  3 fire dragon simulacra (Elf:1)
  4 black bears
  A human skeleton (Depths:2)
  15 ogres
  An alligator simulacrum (Hell)
  2 sky beasts
  A cane toad skeleton (Crypt:3)
  An ogre (shapeshifter) (Vaults:5)
  15 wolves
  5 boggarts
  21 centaurs
  A dream sheep skeleton (Crypt:3)
  A phantom (D:6)
  3 kobold brigands
  Blork the orc (D:6)
  16 bullfrogs
  6 necrophages
  A gnoll sergeant (D:7)
  6 scorpions
  An earth elemental (D:13)
  10 wights
  A polar bear zombie (Crypt:2)
  18 killer bees
  4 elephant simulacra
  8 howler monkeys
  6 electric eels
  A bullfrog skeleton (Crypt:1)
  6 hounds
  2 jellies
  9 orc priests
  2 gnoll shamans
  A centaur skeleton (Crypt:1)
  5 iguanas
  24 orc wizards
  Natasha (thrice) (D:3)
  5 hell rats (Hell)
  2 polar bear simulacra (IceCv)
  A hound skeleton (Crypt:3)
  9 gnolls
  2 naga simulacra (Elf:1)
  A steam dragon zombie (Crypt:1)
  8 adders
  3 river rats (Sewer)
  2 shadow imps (Gauntlet)
  13 white imps
  An adder zombie (Crypt:3)
  2 iguana skeletons
  7 worms
  4 dart slugs
  66 orcs
  15 ball pythons
  4 bats
  A bat zombie (Crypt:2)
  2 endoplasms (D:1)
  6 giant cockroaches
  11 goblins
  7 hobgoblins
  4 jackals (D:2)
  8 kobolds
  2 quokkas
  4 frilled lizards
  An orc skeleton (Crypt:2)
  39 rats
  4 briar patches (Swamp:4)
  2 creeping infernos (Hell)
  8 fire vortices (Hell)
  A foxfire (Swamp:1)
2422 creatures vanquished.

Vanquished Creatures (collateral kills)
  Rupert (D:13)
  A vault warden (Vaults:5)
  A cacodemon (Pan)
  A two-headed ogre (D:13)
  A glowing orange brain (Depths:4)
  An orange demon (Pan)
  An orc priest (D:4)
  An adder (D:4)
  An orc (D:4)
9 creatures vanquished.

Vanquished Creatures (others)
  A deep elf elementalist (Elf:3)
  A lorocyproca (Hell)
  An alligator (Swamp:4)
  A soul eater (Hell)
  A manticore (D:9)
  A smoke demon (Pan)
  A tengu conjurer (D:14)
  A demonic crawler (Pan)
  2 tyrant leeches
  2 bloated husks
  A spriggan (Depths:4)
  A water elemental (D:13)
  An orc wizard (Orc:2)
  A kobold (D:12)
  2 ball lightnings (Pan)
  A creeping inferno (Hell)
  A demonic plant (Gauntlet)
  16 foxfires
  44 fungi
  79 plants
159 creatures vanquished.

Grand Total: 2590 creatures vanquished

Notes
Turn   | Place    | Note
-------+----------+-------------------------------------------
     0 | D:1      | Morbidden the Demonspawn Fighter began the quest for the
                  | Orb.
     0 | D:1      | Reached XP level 1. HP: 18/18 MP: 1/1
   332 | D:1      | Gained mutation: You are partially covered in razor-sharp
                  | scales. (AC +1, Slay +1) [demonic ancestry]
   332 | D:1      | Reached XP level 2. HP: 24/24 MP: 2/2
  1064 | D:2      | Gained mutation: A meltable shield of frost defends you.
                  | (SH +0) [demonic ancestry]
  1064 | D:2      | Reached XP level 3. HP: 9/29 MP: 3/3
  1324 | D:2      | You fall into a shaft and drop 2 floors!
  1333 | D:4      | Found a bloodstained altar of Trog.
  1398 | D:4      | Gained mutation: You are mostly covered in razor-sharp
                  | scales. (AC +2, Slay +2) [demonic ancestry]
  1398 | D:4      | Reached XP level 4. HP: 17/35 MP: 4/4
  1430 | D:4      | Found Yqea's Jewellery Shop.
  1502 | D:4      | Found a glowing drain.
  1525 | D:4      | Reached skill level 3 in Shields
  1531 | Sewer    | Entered a sewer
  1945 | Sewer    | Gained mutation: You are completely covered in razor-sharp
                  | scales. (AC +3, Slay +3) [demonic ancestry]
  1945 | Sewer    | Reached XP level 5. HP: 27/41 MP: 5/5
  2305 | Sewer    | Reached skill level 1 in Dodging
  2311 | Sewer    | Gained mutation: You have a pair of small horns on your
                  | head. [demonic ancestry]
  2311 | Sewer    | Reached XP level 6. HP: 19/48 MP: 6/6
  2530 | D:4      | Found a runed translucent door.
  2539 | D:4      | Noticed Olga's ghost (amateur KoDe)
  2584 | D:4      | Found a runed translucent door.
  2755 | D:4      | Noticed a sky beast
  2911 | D:3      | Found a faded altar of an unknown god.
  3029 | D:3      | Reached skill level 5 in Axes
  3054 | D:3      | Noticed Natasha
  3056 | D:3      | Killed Natasha
  3405 | D:3      | Found an opulent altar of Gozag.
  3405 | D:3      | Found an iron altar of Okawaru.
  3505 | D:3      | Found a runed translucent gate.
  3505 | D:3      | Found a runed translucent gate.
  3507 | D:3      | Found a runed translucent gate.
  3507 | D:3      | Noticed Morbidden's ghost (amateur DsBe)
  3507 | D:3      | Noticed Natasha
  3515 | D:3      | Killed Natasha
  3517 | D:3      | Found the +1 Delatra's gloves {ID++}
  3585 | D:3      | Noticed Natasha
  3590 | D:3      | Killed Natasha
  4094 | D:4      | Reached XP level 7. HP: 54/54 MP: 7/7
  4248 | D:4      | Gained mutation: You passively map a small area around you.
                  | [potion of mutation]
  4248 | D:4      | Gained mutation: Your spells are a little harder to cast,
                  | but a little more powerful. [potion of mutation]
  4417 | D:4      | Killed Olga's ghost
  4528 | D:5      | Entered Level 5 of the Dungeon
  4992 | D:4      | Reached XP level 8. HP: 48/61 MP: 8/8
  5636 | D:6      | Found a hazy altar of Hepliaklqana.
  5710 | D:6      | Noticed Menkaure
  5715 | D:6      | Killed Menkaure
  5716 | D:6      | Reached skill level 5 in Fighting
  6054 | D:6      | Noticed a troll
  6063 | D:6      | Killed a troll
  6064 | D:6      | Gained mutation: You are partially covered in sharp spines.
                  | [demonic ancestry]
  6064 | D:6      | Reached XP level 9. HP: 68/68 MP: 9/9
  6161 | D:6      | Reached skill level 1 in Stealth
  6743 | D:7      | Noticed Blork the orc
  6749 | D:7      | Reached skill level 4 in Shields
  6752 | D:6      | Reached skill level 1 in Evocations
  6768 | D:6      | Killed Blork the orc
  6787 | D:7      | Noticed Eustachio
  6807 | D:7      | Reached skill level 1 in Spellcasting
  6810 | D:7      | Killed Eustachio
  7318 | D:7      | Reached XP level 10. HP: 76/76 MP: 12/12
  7362 | D:7      | Found a broken altar of Ashenzari.
  7520 | D:7      | Found a staircase to the Ecumenical Temple.
  7638 | Temple   | Entered the Ecumenical Temple
  7697 | Temple   | Became a worshipper of Cheibriados the Contemplative
  7953 | D:8      | Noticed a two-headed ogre
  7958 | D:8      | Killed a two-headed ogre
  7959 | D:8      | Reached skill level 10 in Axes
  7959 | D:8      | Reached skill level 1 in Invocations
  8066 | D:8      | Reached * piety under Cheibriados
  8409 | D:8      | Found a basalt altar of Yredelemnul.
  8734 | D:9      | Found Goluus's Assorted Antiques.
  8740 | D:9      | Reached skill level 5 in Dodging
  8751 | D:9      | Reached skill level 5 in Shields
  8760 | D:9      | Reached skill level 5 in Armour
  8873 | D:9      | Reached ** piety under Cheibriados
  8889 | D:9      | Noticed an orange demon
  8889 | D:9      | Noticed Amaemon
  8905 | D:9      | Killed Amaemon
  8906 | D:9      | Reached XP level 11. HP: 41/83 MP: 15/15
  9338 | D:9      | Identified the +9 falchion "Hidyll" {vorpal, Str+4 Dex+3}
  9359 | D:9      | Reached skill level 1 in Maces & Flails
  9427 | D:9      | Reached *** piety under Cheibriados
  9626 | D:9      | Found a radiant altar of Vehumet.
 10108 | D:10     | Entered Level 10 of the Dungeon
 10591 | D:10     | Reached **** piety under Cheibriados
 10618 | D:10     | Noticed a two-headed ogre
 10630 | D:10     | Killed a two-headed ogre
 10631 | D:10     | Reached skill level 5 in Invocations
 10866 | D:10     | Found a stormy altar of Qazlal.
 11342 | D:11     | Found a staircase to the Lair.
 11897 | D:11     | Reached ***** piety under Cheibriados
 12011 | D:11     | Reached XP level 12. HP: 90/91 MP: 17/17
 12277 | Lair:1   | Entered Level 1 of the Lair of Beasts
 12342 | Lair:1   | Noticed Maggie
 12347 | Lair:1   | Killed Maggie
 12874 | Lair:1   | Reached skill level 5 in Maces & Flails
 13460 | Lair:2   | Reached skill level 6 in Shields
 13540 | Lair:2   | Found a frozen archway.
 13563 | IceCv    | Entered an ice cave
 13584 | IceCv    | Identified the +7 flail of Dullness {vorpal, rElec Will-
                  | Dex+7 Stlth+}
 14886 | Lair:3   | Noticed a death yak
 14887 | Lair:3   | Noticed a death yak
 14887 | Lair:3   | Noticed a death yak
 14887 | Lair:3   | Noticed a death yak
 14887 | Lair:3   | Noticed a death yak
 14888 | Lair:3   | Noticed a death yak
 14903 | Lair:2   | Killed a death yak
 15049 | Lair:3   | Reached ****** piety under Cheibriados
 15063 | Lair:3   | Noticed a four-headed hydra
 15066 | Lair:3   | Reached skill level 5 in Evocations
 15071 | Lair:3   | Killed a four-headed hydra
 15134 | Lair:3   | Learned a level 4 spell: Iskenderun's Mystic Blast
 15507 | Lair:3   | You fall into a shaft and drop 3 floors!
 15507 | Lair:6   | Entered Level 6 of the Lair of Beasts
 15551 | Lair:6   | Gained mutation: You have a pair of horns on your head.
                  | [demonic ancestry]
 15551 | Lair:6   | Reached XP level 13. HP: 69/98 MP: 18/20
 15593 | Lair:6   | Found a dark tunnel.
 15736 | Volcano  | Entered a volcano
 15871 | Volcano  | Reached skill level 1 in Translocations
 16088 | Volcano  | Reached skill level 1 in Conjurations
 16090 | Volcano  | Reached skill level 7 in Shields
 16266 | Lair:6   | Reached skill level 5 in Spellcasting
 16389 | Lair:6   | Found a viscous altar of Jiyva.
 16390 | Lair:6   | Found a staircase to the Slime Pits.
 17697 | D:4      | Bought a +4 ring of slaying for 1092 gold pieces
 18631 | Lair:4   | Reached skill level 8 in Shields
 18985 | Lair:4   | Gained mutation: A meltable icy envelope protects you from
                  | harm. (AC +0) [demonic ancestry]
 18985 | Lair:4   | Reached XP level 14. HP: 106/106 MP: 22/22
 19126 | Lair:4   | Found a hole to the Spider Nest.
 19157 | Lair:4   | Found a staircase to the Swamp.
 19491 | Lair:5   | Identified a scroll of acquirement
 19491 | Lair:5   | Acquired a manual of Spellcasting
 19718 | Lair:5   | Acquired the +6 broad axe of the Imbibing Gods {drain, rF+
                  | SInv}
 21248 | Slime:1  | Entered Level 1 of the Pits of Slime
 21492 | D:12     | Noticed Maurice
 21498 | D:12     | Killed Maurice
 22018 | D:13     | Identified the ring "Cacramaf" {rElec rC+ Str-2 Int+4}
 22031 | D:13     | Reached skill level 9 in Shields
 22031 | D:13     | Found a gate to the Vaults.
 22387 | D:13     | Noticed Snorg
 22393 | D:13     | Killed Snorg
 22543 | D:13     | Noticed Rupert
 22555 | D:13     | Killed Rupert
 22932 | D:13     | Found a large runed translucent door.
 22932 | D:13     | Found a large runed translucent door.
 22940 | D:13     | Paralysed by an air elemental for 1 turns
 22950 | D:13     | Reached skill level 1 in Throwing
 23080 | D:12     | Gained mutation: You are mostly covered in sharp spines.
                  | [demonic ancestry]
 23080 | D:12     | Reached XP level 15. HP: 35/113 MP: 24/24
 23589 | D:12     | Found a staircase to the Orcish Mines.
 23897 | D:14     | Noticed Agnes
 23908 | D:14     | Killed Agnes
 24711 | D:14     | Noticed Louise
 24716 | D:14     | Killed Louise
 25428 | D:15     | Entered Level 15 of the Dungeon
 25428 | D:15     | Found a gate leading to a gauntlet.
 25454 | Gauntlet | Entered a Gauntlet
 25454 | Gauntlet | Found a transporter.
 25651 | Gauntlet | Found a transporter.
 25654 | Gauntlet | Found a transporter.
 25655 | Gauntlet | Found a transporter.
 25662 | Gauntlet | Found a runed translucent door.
 25664 | Gauntlet | Found a transporter.
 25666 | Gauntlet | Found a transporter.
 25667 | Gauntlet | Found a transporter.
 25675 | Gauntlet | Found a transporter.
 25678 | Gauntlet | Found a transporter.
 25679 | Gauntlet | Found a transporter.
 25687 | Gauntlet | Found a transporter.
 25690 | Gauntlet | Found a transporter.
 25691 | Gauntlet | Found a transporter.
 25695 | Gauntlet | Found a runed translucent door.
 25697 | Gauntlet | Found a runed translucent door.
 25699 | Gauntlet | Found a transporter.
 26008 | Gauntlet | Identified the +0 pair of boots of the Enchanted Forest
                  | {rC- rN+ Str+4 Dex+4}
 26192 | Gauntlet | Identified the ring of Lady Luck {rF+ Will+ Int+4 Slay-3
                  | Stlth+}
 26199 | Gauntlet | Reached skill level 10 in Shields
 27073 | D:15     | Found a staircase to the Depths.
 27324 | D:15     | Noticed Josephine
 27327 | D:15     | Reached skill level 10 in Invocations
 27331 | D:15     | Killed Josephine
 27332 | D:15     | Reached skill level 10 in Fighting
 27682 | Orc:1    | Entered Level 1 of the Orcish Mines
 27733 | Orc:2    | Entered Level 2 of the Orcish Mines
 27737 | Orc:2    | Found a staircase to the Elven Halls.
 27742 | Orc:2    | Gained mutation: You are completely covered in sharp
                  | spines. [demonic ancestry]
 27742 | Orc:2    | Reached XP level 16. HP: 102/121 MP: 27/27
 27970 | Orc:2    | Noticed Donald
 27993 | Orc:2    | Killed Donald
 28165 | Orc:2    | Found Tiwasoir's Book Shoppe.
 28165 | Orc:2    | Found Raff's Assorted Antiques.
 28166 | Orc:2    | Found Jiliury's Assorted Antiques.
 28168 | Orc:2    | Found Egasot's General Store.
 28180 | Orc:2    | Bought 2 scrolls of magic mapping for 105 gold pieces
 28997 | Orc:1    | Found a radiant altar of Vehumet.
 29262 | Spider:1 | Entered Level 1 of the Spider Nest
 29291 | Spider:1 | Reached skill level 5 in Conjurations
 29343 | Spider:1 | Reached skill level 5 in Translocations
 29659 | Spider:1 | Learned a level 7 spell: Monstrous Menagerie
 30405 | Spider:2 | Noticed Roxanne
 30877 | Spider:2 | Reached skill level 1 in Summonings
 31412 | Spider:3 | Identified the +2 cloak of Weightlessness {+Blink rElec
                  | Str+4}
 31681 | Spider:3 | Noticed Aizul
 31690 | Spider:3 | Killed Aizul
 32100 | Spider:3 | Reached skill level 11 in Shields
 32103 | Spider:3 | Reached skill level 15 in Axes
 32375 | Spider:3 | Found the +3 Mad Mage's Maulers {Infuse+∞ RegenMP Int-3}
 32393 | Spider:3 | Noticed Arachne
 32411 | Spider:3 | Killed Arachne
 32412 | Spider:3 | Gained mutation: A meltable icy envelope protects you from
                  | harm. (AC +0) [demonic ancestry]
 32412 | Spider:3 | Reached XP level 17. HP: 94/129 MP: 30/30
 33076 | Spider:4 | Entered Level 4 of the Spider Nest
 35590 | Spider:4 | Reached XP level 18. HP: 140/140 MP: 28/31
 35604 | Spider:4 | Got a gossamer rune of Zot
 36140 | Swamp:1  | Entered Level 1 of the Swamp
 36405 | Swamp:1  | Found a transporter.
 36405 | Swamp:1  | Noticed a Hell Sentinel
 36413 | Swamp:1  | Found a transporter.
 36417 | Swamp:1  | Found a one-way gate to the infinite horrors of the Abyss.
 36423 | Swamp:1  | Identified the amulet of Equivalence {Reflect rElec rF-
                  | rCorr SH+5}
 36425 | Swamp:1  | Noticed Turbonekonecno's ghost (adept SpEn)
 36477 | Swamp:1  | Noticed Nikola
 36492 | Swamp:1  | Killed Nikola
 36923 | Swamp:1  | Reached skill level 10 in Spellcasting
 39451 | Swamp:3  | Reached skill level 12 in Shields
 39460 | Swamp:3  | Gained mutation: Your presence sometimes corrodes those you
                  | injure. [demonic ancestry]
 39460 | Swamp:3  | Reached XP level 19. HP: 98/146 MP: 1/33
 40257 | Swamp:4  | Entered Level 4 of the Swamp
 41496 | Swamp:4  | Reached skill level 10 in Dodging
 41509 | Swamp:4  | Got a decaying rune of Zot
 41679 | Swamp:4  | Noticed Bai Suzhen
 41690 | Swamp:4  | Killed Bai Suzhen
 42254 | Elf:1    | Entered Level 1 of the Elven Halls
 43309 | Elf:1    | Found Qinwiw's Antique Weapon Shop.
 43945 | Elf:1    | Got the Grimoire of the Frostbite
 44890 | Elf:2    | Paralysed by an air elemental for 1 turns
 45365 | Elf:2    | Found a runed translucent gate.
 45366 | Elf:2    | Found a runed translucent gate.
 45366 | Elf:2    | Found a runed translucent gate.
 45463 | Elf:3    | Entered Level 3 of the Elven Halls
 45538 | Elf:3    | Reached skill level 5 in Summonings
 45542 | Elf:3    | Acquired the +0 pair of fencer's gloves {Riposte Dex+3}
 45542 | Elf:3    | Found the +0 pair of fencer's gloves {Riposte Dex+3}
 45650 | Elf:3    | Found a shimmering blue altar of Sif Muna.
 45662 | Elf:3    | Found Untiaruemn's Magic Scroll Boutique.
 45671 | Elf:3    | Found Loizis's Book Boutique.
 46013 | Elf:3    | Paralysed by an air elemental for 1 turns
 46037 | Elf:3    | Found Puydeaso's Magic Scroll Shoppe.
 46289 | Elf:3    | Bought a scroll of summoning for 152 gold pieces
 46573 | Vaults:1 | Entered Level 1 of the Vaults
 46590 | Vaults:1 | Reached XP level 20. HP: 141/154 MP: 35/35
 47099 | Vaults:1 | Reached skill level 13 in Shields
 49597 | Vaults:2 | Found Gayt's Magic Scroll Shop.
 49609 | Vaults:2 | Bought a scroll of blinking for 120 gold pieces
 49609 | Vaults:2 | Bought a scroll of teleportation for 48 gold pieces
 49609 | Vaults:2 | Bought a scroll of teleportation for 48 gold pieces
 49609 | Vaults:2 | Bought a scroll of summoning for 152 gold pieces
 50031 | Vaults:2 | Reached skill level 10 in Evocations
 50477 | Vaults:2 | Reached XP level 21. HP: 162/162 MP: 37/37
 51602 | Vaults:3 | Found a staircase to the Crypt.
 51777 | Vaults:3 | Reached skill level 14 in Shields
 52523 | Crypt:1  | Entered Level 1 of the Crypt
 52892 | Crypt:1  | Learned a level 5 spell: Manifold Assault
 55079 | Vaults:4 | Found Gozag's Antique Weapon Boutique.
 55090 | Vaults:4 | Found Gozag's Antique Weapon Shop.
 55098 | Vaults:4 | Found an opulent altar of Gozag.
 55098 | Vaults:4 | Found Gozag's Assorted Antiques.
 55855 | Crypt:2  | Reached XP level 22. HP: 95/172 MP: 33/39
 56593 | Crypt:3  | Entered Level 3 of the Crypt
 56611 | Crypt:3  | Reached skill level 15 in Shields
 57290 | Crypt:3  | Found an ancient bone altar of Kikubaaqudgha.
 58266 | Crypt:3  | Identified the +6 flail of a bazaar {protect, *Corrode
                  | Int+4 Dex+3}
 58703 | Crypt:3  | Reached skill level 10 in Armour
 58866 | Crypt:3  | Found a staircase to the Tomb.
 59207 | Depths:1 | Entered Level 1 of the Depths
 59598 | Depths:1 | Noticed Asterion
 59618 | Depths:1 | Killed Asterion
 59791 | Depths:1 | Found a gateway to Hell.
 59950 | Depths:1 | Found a one-way gate leading to the halls of Pandemonium.
 59966 | Depths:1 | Found a one-way gateway to a ziggurat.
 59970 | Depths:1 | Reached skill level 10 in Conjurations
 60017 | Depths:1 | Reached skill level 16 in Shields
 60265 | Depths:1 | Reached skill level 15 in Fighting
 60478 | Depths:2 | Gained mutation: Your presence sometimes corrodes or
                  | deforms those you injure. [demonic ancestry]
 60478 | Depths:2 | Reached XP level 23. HP: 101/181 MP: 40/40
 61448 | Depths:2 | Identified the +13 plate armour "Dilubiur" {rElec Will-
                  | Str+2}
 61596 | Depths:2 | Identified the +6 hunting sling of Diuwid {vorpal, Drain
                  | rPois rN+}
 61606 | Depths:2 | Found an iron altar of Okawaru.
 61628 | Depths:2 | Identified the +4 great mace of Frustration {vorpal, Int+5}
 61637 | Depths:2 | Found the +3 crown of Dyrovepreva {rElec Int+2 SInv}
 62307 | Depths:2 | Found a broken altar of Ashenzari.
 63385 | Depths:3 | Learned a level 8 spell: Necromutation
 63812 | Depths:3 | Found Voemp's Book Boutique.
 63819 | Depths:3 | Found Giadghak's Assorted Antiques.
 63823 | Depths:3 | Bought a manual of Transmutations for 1840 gold pieces
 64115 | Depths:3 | Reached skill level 1 in Transmutations
 64117 | Depths:3 | Reached skill level 1 in Necromancy
 64184 | Depths:4 | Entered Level 4 of the Depths
 64768 | Depths:4 | Reached skill level 17 in Shields
 64949 | Depths:4 | Noticed Mennas
 64961 | Depths:4 | Killed Mennas
 65022 | Depths:4 | Identified the +10 rapier of Terra Cotta {elec, rCorr}
 65430 | Depths:4 | Got the Incunabulum of Damaging Illusion
 65453 | Depths:4 | Reached skill level 10 in Translocations
 65608 | Depths:4 | Found a gate to the Realm of Zot.
 65690 | Depths:4 | Gained mutation: You have a pair of large horns on your
                  | head. [demonic ancestry]
 65690 | Depths:4 | Reached XP level 24. HP: 45/191 MP: 19/41
 66104 | Depths:4 | Found a shimmering altar of Xom.
 66558 | Elf:3    | Paralysed by an air elemental for 1 turns
 67201 | Elf:3    | Identified the +11 halberd of the Toadstool {vorpal, rCorr
                  | Int+2}
 67211 | Elf:3    | Identified the ring of Othuoleang {EV+4 Str+5 Int-4 Dex+6}
 67217 | Elf:3    | Identified the ring "Efruem Gabya" {rPois rF+ rC- rCorr
                  | SInv}
 67323 | Elf:3    | Got the Reference Book on Unholy Air
 67326 | Elf:3    | Identified the +1 dagger of Exquisite Death {vorpal, rPois
                  | Dex+3}
 67330 | Elf:3    | Identified the +11 broad axe of Lies {vorpal, SInv}
 67334 | Elf:3    | Identified the +0 pair of gloves of the Beggar {+Inv Regen+
                  | MP-9 Dex+2}
 67338 | Elf:3    | Got the Grimoire of the Compass and Clay
 67341 | Elf:3    | Identified the +1 chain mail of Uskayaw's Pride {Rampage
                  | Str+4 Int+2 Stlth+}
 67819 | Vaults:5 | Entered Level 5 of the Vaults
 67819 | Vaults:5 | Noticed a dread lich
 67833 | Vaults:5 | Killed a dread lich
 68084 | Vaults:5 | Identified the +9 dagger "Pijapra" {antimagic, rElec SInv}
 68426 | Vaults:5 | Reached skill level 15 in Spellcasting
 68585 | Vaults:5 | Noticed Boris
 68591 | Vaults:5 | Killed Boris
 68592 | Vaults:5 | Reached skill level 5 in Transmutations
 68744 | Vaults:5 | Reached skill level 10 in Summonings
 69263 | Hell     | Entered the Vestibule of Hell
 69266 | Hell     | Noticed Geryon
 69379 | Hell     | Gained mutation: You can speak a Word of Chaos. [demonic
                  | ancestry]
 69379 | Hell     | Reached XP level 25. HP: 91/199 MP: 32/42
 69418 | Depths:1 | HP: 1/182 [Tzitzimitl/bolt of negative energy[a doom hound]
                  | (61)]
 69561 | Pan      | Entered Pandemonium
 69561 | Pan      | Found an exit through the horrors of the Abyss.
 69901 | Pan      | Reached skill level 18 in Shields
 70157 | Pan      | Reached skill level 5 in Necromancy
 70158 | Pan      | Noticed Ikkyxt the pandemonium lord
 70165 | Pan      | Killed Ikkyxt the pandemonium lord
 75323 | Pan      | Found an exit through the horrors of the Abyss.
 76391 | Pan      | Glimpsed the power of Zot.
 76884 | Pan      | Glimpsed the power of Zot.
 77085 | Pan      | Entered the realm of Mnoleg.
 77088 | Pan      | Gained mutation: You tend to lose your temper in combat. [a
                  | cacodemon]
 77193 | Pan      | Gained mutation: Potions are less effective at restoring
                  | your health. [a cacodemon]
 77196 | Pan      | Gained mutation: You are dopey. (Int -2) [a cacodemon]
 77395 | Pan      | Gained mutation: You are clumsy. (Dex -2) [a cacodemon]
 77962 | Pan      | Gained mutation: Your body sometimes deteriorates upon
                  | taking damage. [a neqoxec]
 78105 | Pan      | Lost mutation: Your spells are a little harder to cast, but
                  | a little more powerful. [a neqoxec]
 78106 | Pan      | Gained mutation: Your magical capacity is low. (-10% MP) [a
                  | neqoxec]
 78145 | Pan      | Gained mutation: You often lose your temper in combat. [a
                  | neqoxec]
 78158 | Pan      | Noticed Mnoleg
 78177 | Pan      | Gained mutation: You occasionally shout uncontrollably at
                  | your foes. [a cacodemon]
 78177 | Pan      | Gained mutation: You are weak. (Str -2) [a cacodemon]
 78177 | Pan      | Gained mutation: You have an uncontrollable temper. [a
                  | cacodemon]
 78181 | Pan      | Lost mutation: You are weak. (Str -2) [a cacodemon]
 78347 | Pan      | Gained mutation: You are frail. (-10% HP) [a cacodemon]
 78475 | Pan      | Reached XP level 26. HP: 186/186 MP: 33/38
 78613 | Pan      | Gained mutation: Your body often deteriorates upon taking
                  | damage. [Mnoleg's mutagenic touch]
 78619 | Pan      | Killed Mnoleg
 78652 | Pan      | Gained mutation: Armour fits poorly on your strangely
                  | shaped body. [a cacodemon]
 78656 | Pan      | Gained mutation: You are very dopey. (Int -4) [a neqoxec]
 78660 | Pan      | Gained mutation: You are very clumsy. (Dex -4) [a
                  | cacodemon]
 78672 | Pan      | Got a glowing rune of Zot
 78678 | Pan      | Gained mutation: Your magical capacity is very low. (-20%
                  | MP) [a neqoxec]
 78729 | Pan      | Gained mutation: Your magical capacity is extremely low.
                  | (-30% MP) [a cacodemon]
 78731 | Pan      | Gained mutation: You have hidden genetic defects. [a
                  | cacodemon]
 78778 | Pan      | Gained mutation: You are very frail. (-20% HP) [a
                  | cacodemon]
 78778 | Pan      | Gained mutation: You are extremely frail. (-30% HP) [a
                  | cacodemon]
 78782 | Pan      | Gained mutation: You have terrible hidden genetic defects.
                  | [a cacodemon]
 78836 | Pan      | Gained mutation: You are weak. (Str -2) [a shining eye]
 78837 | Pan      | Gained mutation: You sometimes lose the ability to read
                  | scrolls when taking damage. [a shining eye]
 78870 | Pan      | Gained mutation: Your spells are a little easier to cast,
                  | but a little less powerful. [a cacodemon]
 79019 | Pan      | Gained mutation: You frequently scream uncontrollably at
                  | your foes. [a cacodemon]
 79020 | Pan      | Gained mutation: You are very weak. (Str -4) [a cacodemon]
 79023 | Pan      | Lost mutation: You are very dopey. (Int -4) [a cacodemon]
 79043 | Pan      | Gained mutation: Your spells are easier to cast, but less
                  | powerful. [a cacodemon]
 79047 | Pan      | Gained mutation: Your spells are much easier to cast, but
                  | much less powerful. [a neqoxec]
 79053 | Pan      | Gained mutation: You are occasionally teleported next to
                  | monsters. [a neqoxec]
 79340 | Pan      | Gained mutation: You are very dopey. (Int -4) [a cacodemon]
 79407 | Pan      | Gained mutation: You are sometimes teleported next to
                  | monsters. [a cacodemon]
 79587 | Pan      | Lost mutation: You are very weak. (Str -4) [potion of
                  | mutation]
 79587 | Pan      | Lost mutation: You are sometimes teleported next to
                  | monsters. [potion of mutation]
 79588 | Pan      | Lost mutation: You sometimes lose the ability to read
                  | scrolls when taking damage. [potion of mutation]
 79588 | Pan      | Lost mutation: You are extremely frail. (-30% HP) [potion
                  | of mutation]
 79588 | Pan      | Lost mutation: You have terrible hidden genetic defects.
                  | [potion of mutation]
 79588 | Pan      | Lost mutation: You are very clumsy. (Dex -4) [potion of
                  | mutation]
 79588 | Pan      | Lost mutation: You are very frail. (-20% HP) [potion of
                  | mutation]
 79589 | Pan      | Lost mutation: You are occasionally teleported next to
                  | monsters. [potion of mutation]
 79589 | Pan      | Lost mutation: Your body often deteriorates upon taking
                  | damage. [potion of mutation]
 79589 | Pan      | Lost mutation: Potions are less effective at restoring your
                  | health. [potion of mutation]
 79589 | Pan      | Lost mutation: You are very dopey. (Int -4) [potion of
                  | mutation]
 79590 | Pan      | Lost mutation: Your magical capacity is extremely low.
                  | (-30% MP) [potion of mutation]
 79590 | Pan      | Lost mutation: You are frail. (-10% HP) [potion of
                  | mutation]
 79590 | Pan      | Lost mutation: You have hidden genetic defects. [potion of
                  | mutation]
 79590 | Pan      | Gained mutation: Your flesh is heat resistant. (rF+)
                  | [potion of mutation]
 79591 | Pan      | Lost mutation: Your spells are much easier to cast, but
                  | much less powerful. [potion of mutation]
 79591 | Pan      | Lost mutation: You frequently scream uncontrollably at your
                  | foes. [potion of mutation]
 79591 | Pan      | Lost mutation: Your flesh is heat resistant. (rF+) [potion
                  | of mutation]
 79591 | Pan      | Lost mutation: You are clumsy. (Dex -2) [potion of
                  | mutation]
 79591 | Pan      | Gained mutation: You expend magic power (3 MP) to
                  | strengthen your wands. [potion of mutation]
 79649 | Pan      | Found an exit through the horrors of the Abyss.
 79674 | Pan      | Reached skill level 19 in Shields
 79693 | Pan      | Lost mutation: You expend magic power (3 MP) to strengthen
                  | your wands. [a cacodemon]
 79698 | Pan      | Gained mutation: You are occasionally teleported next to
                  | monsters. [a cacodemon]
 79838 | Pan      | Slain by a sun demon

Illustrated notes

Levels and vault maps discovered:
D:1:      amcnicky_arrival_choice, layout_loops_ring, minmay_tetromino_s4
D:2:      layout_rooms
D:3:      layout_loops_ring, gammafunk_temple_overflow_statue,
          biasface_ghost_orc_armoury, basic_ecumenical_altar, uniq_natasha
D:4:      layout_gridville, mainiacjoe_overflow_cross_hatched,
          ebering_ghost_sewer_f, gup_sewer_entry_glass, serial_shops,
          nicolae_inconvenience_store, grunt_ministairs_3
D:5:      layout_basic
D:6:      layout_basic, tso_altar, mainiacjoe_overflow_paths,
          minmay_small_thing, uniq_menkaure
D:7:      layout_cave_pools, mainiacjoe_overflow_six_doors_small,
          minmay_temple_entry_grid, sword_in_stone
D:8:      minmay_curly_fans, layout_rooms, lemuel_round_altar
D:9:      cheibrodos_barr_body, layout_loops_ring, general_overflow_altar,
          serial_shops, shop, uniq_amaemon
D:10:     layout_basic, grunt_qazlal_sundering, small_statue_intersection,
          st_stairs_10, minmay_misc_feat_ornament
D:11:     layout_long_grid, lair_entry_dummy, minmay_beelzebubs_servants
D:12:     minmay_four_partial_circles, layout_basic, uniq_maurice
D:13:     layout_small_grid, david_vaults_2, lightli_elemental_guards,
          uniq_rupert, uniq_snorg
D:14:     layout_rooms, nrook_uturn, serial_curves, eino_curves_01,
          eino_curves_01, uniq_louise, uniq_agnes
D:15:     hangedman_depths_entry_civil_slaughter, layout_irregular_city,
          chequers_serial_rivers_micro_a, gauntlet_entry_generic,
          serial_bayou_lagoon_b, uniq_josephine
Temple:   dshaligram_water_room_temple
Lair:1:   layout_gridlike, hangedman_lair_generics_rect, uniq_maggie
Lair:2:   layout_small_grid, portal_ice_cave_entry_imps
Lair:3:   layout_cave_pods, grunt_megastairs_4, infiniplex_staircase_pool,
          serial_bayou_shore_a
Lair:4:   layout_loops_ring, minmay_swamp_entry_reptiles,
          nicolae_spider_entry_non_spiders, infiniplex_staircase_pool_2
Lair:5:   layout_gridlike
Lair:6:   grunt_lair_end_beastmaster, layout_cave_pods, slime_altar_1,
          enter_volcano_2, lookout_lair_type
Swamp:1:  layout_basic_swamp, gammafunk_ghost_abyssal_escape, serial_swamp_ruin,
          evilmike_swamp_ruin_rubble_2, evilmike_swamp_ruin_house_3,
          evilmike_swamp_ruin_house_2, swamp_pool5, uniq_nikola
Swamp:2:  layout_basic_swamp, evilmike_swamp_ruin_house_1, swamp_pool1
Swamp:3:  layout_basic_swamp, nicolae_swamp_long_stream
Swamp:4:  swamp_basic_johnstein, layout_basic_swamp, uniq_bai_suzhen
Spider:1: layout_spider_delve, hangedman_spider_tarantella_strand
Spider:2: layout_spider_delve, uniq_roxanne
Spider:3: layout_chambers, nicolae_orb_island, uniq_aizul, uniq_arachne
Spider:4: spider_rune_water
Slime:1:  layout_caves
Orc:1:    layout_diamond_mine, basic_altar, mines2_david
Orc:2:    st_orc_rangers, layout_caves, uniq_donald
Elf:1:    layout_geoelf_diagonals, serial_shops, shop,
          hangedman_elven_crosses_minicolossus,
          hangedman_research_thermodynamics
Elf:2:    nicolae_elf_blades_crystal_corner, layout_gridlike
Elf:3:    minmay_elf_hall_statues, layout_loops_cross, serial_shops, shop,
          basic_altar, minmay_shop_star
Vaults:1: vaults_room_grunt_arrival_checkpoint, nicolae_vaults_c_with_doors,
          nicolae_vaults_little_squares_1, layout_vaults_omnigrid
Vaults:2: v_misc_10, ontoclasm_vaults_shuriken, hangedman_vaults_corner,
          grunt_vaults_hallway_short, dpeg_vaults_pockets_of_resistance,
          v_misc_16, dpeg_vaults_monster_row, nicolae_vaults_little_squares_4,
          v_alt_pattern_5, v_misc_3, v_misc_9, nicolae_vaults_little_squares_5,
          hangedman_vaults_corner_blocks, layout_vaults_omnibox, serial_shops,
          nicolae_shop_window_shopping
Vaults:3: v_alt_pattern_1, vaults_dpeg_cross, nicolae_vaults_puzzle_piece,
          ontoclasm_vaults_decontamination, nicolae_vaults_specimen_jars,
          v_misc_12, minmay_crypt_entry_simple_round,
          hangedman_vaults_river_flow, vaults_standard_mumra_enter_the_diamond,
          hangedman_vaults_capsules, v_misc_14, hangedman_vaults_maws,
          layout_vaults_ring
Vaults:4: grunt_vaults_diagonal, vaults_room_corners, v_misc_32,
          vaults_mumra_chevron_long, ontoclasm_vaults_pinch,
          nicolae_vaults_diagonal_hallway_8, kennysheep_vaults_gozag_temple,
          vaults_standard_mumra_enter_the_diamond, vaults_dpeg_diagonal,
          v_misc_11, grunt_vaults_hallway_short, layout_vaults_chaotic_city
Vaults:5: uniq_boris, uniq_margery
Crypt:1:  layout_basic
Crypt:2:  layout_rooms
Crypt:3:  church_of_pain_bobbens, layout_chaotic_city,
          nicolae_tomb_entry_rubble_hallway
Depths:1: layout_forbidden_donut, enter_ziggurat_e, grunt_mini_vestibule,
          roderic_filled_cross, rand_demon_pan_entry_1,
          kennysheep_generic_room_2, infiniplex_staircase_pool_lava,
          uniq_asterion
Depths:2: evilmike_iron_armoury, layout_basic, pan_entry,
          marbit_kobold_abyss_entry, pf_hell_entry_tar_river,
          ashenzari_conservatory_becter
Depths:3: hellmonk_destroyed_diamonds, layout_gridlike,
          hangedman_abyss_entry_splay, pan_entry, grunt_hell_entry_dis_mu,
          minmay_shoptagon
Depths:4: grunt_crosshair, layout_cave_pools, hell_entry, xom_teletrap_fun,
          hangedman_abyss_or_decor_lesser_grid, uniq_mennas, uniq_josephina
Hell
Pan:      nicolae_pan_double_arrow, layout_gridlike, pan_blood_fountain,
          mnoleg_grunt, layout_gridlike, pan_blood_fountain,
          evilmike_mini_pan_V, layout_irregular_city, pan_blood_fountain,
          pan_blood_fountain_small

Skill      XL: |  1  2  3  4  5  6  7  8  9 10 11 12 13 14 15 16 17 18 19 20 21 22 23 24 25 26 |
---------------+-------------------------------------------------------------------------------+-----
Axes           | 2 3 4 5 6 8 9 10 11 12 13 14 15 16 17 | 17.3
Armour         | 3 4 5 6 7 8 9 10 11 | 11.0
Shields        | 3 4 5 6 8 9 10 11 12 13 14 16 17 18 19 | 19.0
Dodging        | 1 2 3 4 5 6 7 8 9 10 11 12 13 | 13.9
Fighting       | 4 5 6 7 8 9 10 11 12 13 14 15 16 17 | 17.2
Stealth        | 1 2 3 |  3.2
Evocations     | 2 3 4 5 6 7 8 9 10 11 12 13 | 13.3
Spellcasting   | 1 2 3 4 5 6 7 9 10 11 12 13 14 15 16 | 16.3
Invocations    | 4 5 6 7 8 10 11 12 13 | 13.0
Maces & Flails | 4 6 7 8 |  8.1
Translocations | 2 4 5 6 7 8 9 10 11 12 | 12.1
Conjurations   | 2 3 4 5 6 7 8 9 10 11 | 11.9
Throwing       | 1 2 3 4 |  4.9
Summonings     | 2 3 5 6 7 8 9 10 11 | 11.3
Transmutations | 2 5 7 8 |  8.1
Necromancy     | 2 4 6 7 |  7.2

Action                   |  1- 3 |  4- 6 |  7- 9 | 10-12 | 13-15 | 16-18 | 19-21 | 22-24 | 25-27 || total
-------------------------+-------+-------+-------+-------+-------+-------+-------+-------+-------++-------
Melee: War axe           |    60 |   151 |   236 |   164 |    24 |       |       |       |       ||   635
       Headbutt          |       |     9 |    48 |   141 |   187 |   141 |   305 |   352 |   169 ||  1352
       Demon whip        |       |       |       |   386 |   239 |    33 |    46 |     7 |       ||   711
       Broad axe         |       |       |       |       |   355 |   541 |   918 |  1014 |   744 ||  3572
Throw: Boomerang         |       |       |       |     7 |    19 |   155 |    51 |    72 |    14 ||   318
       Dart              |       |       |       |       |     8 |     1 |       |       |       ||     9
       Javelin           |       |       |       |       |       |       |       |     8 |   132 ||   140
 Cast: Iskenderun's Myst |       |       |       |       |       |       |       |    65 |    15 ||    80
       Manifold Assault  |       |       |       |       |       |       |       |    62 |   228 ||   290
Invok: Slouch            |       |       |       |       |     2 |     7 |     5 |    13 |     9 ||    36
       Bend Time         |       |       |       |       |       |       |       |     1 |     2 ||     3
       Step From Time    |       |       |       |       |       |       |       |     1 |     2 ||     3
 Abil: Word of Chaos     |       |       |       |       |       |       |       |       |     1 ||     1
Evoke: Wand              |       |       |     1 |       |       |    15 |    41 |     1 |       ||    58
       Lightning rod     |       |       |       |       |       |     5 |       |     4 |       ||     9
       Tin of tremorston |       |       |       |       |       |       |     4 |     5 |       ||     9
       Box of beasts     |       |       |       |       |       |       |       |     2 |     3 ||     5
       Condenser vane    |       |       |       |       |       |       |       |     2 |     1 ||     3
       Phantom mirror    |       |       |       |       |       |       |       |       |     1 ||     1
  Use: Scroll            |     3 |     2 |       |    15 |    15 |     4 |     2 |     5 |     9 ||    55
       Potion            |     1 |     1 |     3 |       |     6 |     5 |     2 |     5 |    12 ||    35
 Stab: Paralysed         |       |       |     4 |       |       |       |       |       |       ||     4
       Petrified         |       |       |       |       |     3 |       |       |       |       ||     3
       Distracted        |       |       |       |       |       |     2 |       |     2 |     1 ||     5
Armor: Scale mail        |    31 |    65 |    51 |       |       |       |       |       |       ||   147
       Plate armour      |       |       |    35 |     2 |    32 |   315 |   265 |   302 |   189 ||  1140
       Chain mail        |       |       |       |   147 |   124 |       |       |       |       ||   271
       Robe              |       |       |       |     1 |       |       |       |       |       ||     1
       Ice dragon scales |       |       |       |       |       |       |     6 |       |       ||     6
Dodge: Dodged            |    25 |    59 |    85 |   153 |   182 |   252 |   280 |   334 |   296 ||  1666
Block: Buckler           |    24 |    79 |    90 |       |       |       |       |       |       ||   193
       Kite shield       |       |       |    60 |   305 |       |       |       |       |       ||   365
       Reflection        |       |       |     4 |    33 |    43 |    72 |   141 |    58 |    14 ||   365
       Tower shield      |       |       |       |   268 |   856 |  1045 |  1253 |  1333 |   838 ||  5593
       Rpst.: Broad axe  |       |       |       |       |       |       |    24 |    56 |    28 ||   108

Table legend: (Time is in decaauts)
 A = Elapsed time spent in this place.
 B = Non-inter-level travel time spent in this place.
 C = Inter-level travel time spent in this place.
 D = Time resting spent in this place.
 E = Time spent auto-exploring this place.
 F = Levels seen in this place.
 G = Mean time per level.
                   A        B        C        D        E       F      G
               +--------+--------+--------+--------+--------+-----+--------+
         Total | 111273 | 101738 |   9535 |  13305 |  70615 |  56 | 1987.0 |
       Dungeon |  23590 |  19849 |   3741 |   1859 |  14795 |  15 | 1572.7 |
        Temple |     70 |     60 |     10 |      0 |     45 |   1 |   70.0 |
          Lair |  13602 |  11890 |   1712 |    849 |   9465 |   6 | 2267.0 |
         Swamp |   8217 |   7948 |    269 |   1465 |   5304 |   4 | 2054.2 |
   Spider Nest |   9442 |   9034 |    408 |   2229 |   5487 |   4 | 2360.5 |
    Slime Pits |    101 |    101 |      0 |    100 |      0 |   1 |  101.0 |
  Orcish Mines |   2737 |   2092 |    645 |      7 |   1680 |   2 | 1368.5 |
   Elven Halls |   7317 |   6554 |    763 |    166 |   5169 |   3 | 2439.0 |
        Vaults |  13535 |  12319 |   1216 |   1419 |   9073 |   5 | 2707.0 |
         Crypt |   6511 |   6158 |    353 |   1158 |   4048 |   3 | 2170.3 |
        Depths |  10100 |   9686 |    414 |   1124 |   6910 |   4 | 2525.0 |
          Hell |     20 |     20 |      0 |      0 |      0 |   1 |   20.0 |
   Pandemonium |  12623 |  12623 |      0 |   2047 |   7648 |   3 | 4207.7 |
         Sewer |   1036 |   1036 |      0 |    611 |    144 |   1 | 1036.0 |
      Ice Cave |    250 |    250 |      0 |    100 |      0 |   1 |  250.0 |
       Volcano |    631 |    631 |      0 |     28 |    411 |   1 |  631.0 |
      Gauntlet |   1482 |   1482 |      0 |    142 |    431 |   1 | 1482.0 |
               +--------+--------+--------+--------+--------+-----+--------+

Top non-repeatable levels by time:
Spider:3: 4358 daAuts
Vaults:1: 3612 daAuts
Vaults:4: 3243 daAuts
Vaults:3: 3183 daAuts
 Crypt:3: 3165 daAuts
   Elf:3: 3008 daAuts
   Elf:1: 2968 daAuts
Depths:2: 2894 daAuts
  Lair:3: 2597 daAuts
Vaults:2: 2572 daAuts
Depths:3: 2566 daAuts
    D:12: 2553 daAuts
  Lair:6: 2494 daAuts
Depths:1: 2464 daAuts
  Lair:1: 2327 daAuts
